Unix NetHack Version 5.0.0-0 post-release - last build Jun 10 2026 00:39:30 (3ee93aec679c4c4259841fe613dc97188e26a321,branch:main).

Game began 2026-06-15 21:11:15, ended 2026-06-15 21:38:14.

LDaviesPeters, neutral female human Archeologist

                                           ------
                                           |.....#
                                           |....|#
                                           |..<.|#
                                           .....|#
                                           ------#
                                                 #
                                                 #
                                                 #
                                               ###
                                               @
                                              #Bd
                                              # |
                                                $.
                                               |..
                                               ----

LDaviesPeters the Field Worker  St:15 Dx:12 Co:14 In:18 Wi:14 Ch:9  Neutral
Dlvl:7  $:0  HP:0(39) Pw:22(22) AC:7  Xp:4 T:2627 

Latest messages:
 You swap places with your little dog.
 You swap places with your little dog.
 You see here a bat corpse.
 Pick a monster, object or location.
 e        an eye or sphere (floating eye)
 What do you want to use or apply? [abfgilsCH or ?*] H
 In what direction? 4
 The floating eye is blinded by the flash!
 The floating eye turns to flee.
 You lash the floating eye.
 The blind floating eye cannot defend itself.
 You lash the floating eye.
 The blind floating eye cannot defend itself.
 You kill the floating eye!
 You see here a cloudy potion.
 K - a cloudy potion.
 The door opens.
 What do you want to use or apply? [abfgilsCH or ?*] b
 You put 45 gold pieces into the sack.
 You put a cloudy potion into the sack.
 You descend the stairs.
 You find a hidden door.
 The door opens.
 The little dog misses it.
 The giant bat bites!
 You lash the giant bat.
 The little dog misses the giant bat.
 The little dog misses it.
 You miss the giant bat.
 The little dog misses the giant bat.
 The giant bat bites!
 The giant bat bites!
 You miss the giant bat.
 The little dog bites the giant bat.
 The giant bat bites!
 The little dog misses the giant bat.
 The giant bat bites!
 You lash the giant bat.
 The little dog misses the giant bat.
 The giant bat bites!
 The little dog misses the giant bat.
 You lash the giant bat.
 The little dog misses the giant bat.
 The giant bat bites!
 The giant bat bites!
 You lash the giant bat.
 The little dog misses the giant bat.
 The giant bat bites!
 You die...
 Do you want your possessions identified? [ynq] (y) q

Inventory:
 Weapons  (')')
  o - 17 +0 darts
  a - a +2 bullwhip (weapon in right hand)
 Armor    ('[')
  j - an uncursed +0 dwarvish iron helm (being worn)
  c - an uncursed +0 fedora
  h - a blessed +0 leather jacket (being worn)
 Comestibles  ('%')
  x - 2 uncursed cloves of garlic
  v - 2 uncursed cram rations
  d - 6 uncursed food rations
  q - a cursed fortune cookie
  E - an uncursed sprig of wolfsbane
  J - an uncursed tripe ration
 Tools    ('(')
  s - an empty cursed bag of holding named Cursed
  b - an uncursed sack containing 9 items
  l - an uncursed brass lantern
  H - an expensive camera (0:68)
  i - a magic marker (0:21)
  C - an uncursed magic whistle
  f - a tinning kit (0:69)
 Gems/Stones  ('*')
  g - an uncursed touchstone

Contents of the sack:
  122 gold pieces
  an uncursed scroll of food detection
  an uncursed scroll of light
  an uncursed scroll of magic mapping
  an uncursed potion of oil
  a cursed potion of booze
  2 uncursed potions of extra healing
  an uncursed potion of healing
  a +0 pick-axe

LDaviesPeters the Archeologist's attributes:

Background:
 You were a Field Worker, a level 4 female human Archeologist.
 You were neutral, nominally on a mission for Camaxtli
 who was opposed by Quetzalcoatl (lawful) and Huhetotl (chaotic).
 You were right-handed.
 You were in the Dungeons of Doom, on level 7.
 You entered the dungeon 2627 turns ago.
 There was a new moon in effect when your adventure ended.
 You had 100 experience points, 60 more were needed to attain level 5.

Basics:
 You had 0 out of 39 hit points.
 You had all 22 energy points (spell power).
 Your armor class was 7.
 Your wallet was empty, but
 you had 122 zorkmids stashed away in your pack.
 Autopickup was off.

Final Characteristics:
 Your strength was 15 (limit:18/100).
 Your dexterity was 12 (limit:18).
 Your constitution was 14 (limit:18).
 Your intelligence was 18 (limit:18).
 Your wisdom was 14 (limit:18).
 Your charisma was 9 (limit:18).

Final Status:
 You weren't hungry.
 You were unencumbered.
 You were wielding a whip.
 You had basic skill with whip.

Final Attributes:
 You were piously aligned.
 You were telepathic.
 You had automatic searching.
 You are dead.

Miscellaneous:
 You didn't encounter any bones levels.
 Total elapsed playing time was 26 minutes and 59 seconds.

Major events:
 Turn
    1: LDaviesPeters the neutral female human Archeologist entered the dungeon
 1218: entered the Gnomish Mines
 1601: attained the rank of Field Worker (level 3)
 2627: killed by a giant bat

You didn't know any spells.

Skills:
 Fighting Skills
   bare handed combat [Unskilled]
   two weapon combat  [Unskilled]
   riding             [Unskilled]
 Weapon Skills
   dagger             [Unskilled]
   knife              [Unskilled]
   pick-axe           [Basic]
   short sword        [Unskilled]
   saber              [Unskilled]
   club               [Unskilled]
   quarterstaff       [Unskilled]
   sling              [Unskilled]
   dart               [Unskilled]
   boomerang          [Unskilled]
   whip               [Basic]
   unicorn horn       [Unskilled]
 Spellcasting Skills
   attack spells      [Unskilled]
   healing spells     [Unskilled]
   divination spells  [Unskilled]
   matter spells      [Unskilled]

Voluntary challenges:
 Character rerolling was not enabled.
 You were an atheist.
 You never genocided any monsters.
 You never polymorphed an object.
 You never changed form.
 You used no wishes.
Achievements:
 You entered the Gnomish Mines.
 You attained the rank of Field Worker.
 You entered a shop.

 The Dungeons of Doom: levels 1 to 7
    Level 1:
       Many fountains.
    Level 2:
       A fountain, a grave.
    Level 3:
       A grave.
    Level 4:
       Stairs down to The Gnomish Mines.
    Level 5:
       A fountain, a grave.
    Level 6:
       A general store.
    Level 7: <- You were here.
       Final resting place for
          you, killed by a giant bat.
 The Gnomish Mines:
    Level 5:


Vanquished creatures:
  a gnome leader
  3 floating eyes
  a kobold shaman
  2 gas spores
  a hobgoblin
  a giant rat
  2 yellow molds
  a gecko
  2 jackals
  a kobold
  a goblin
  2 sewer rats
  5 grid bugs
  a bat
  2 lichens
26 creatures vanquished.

No species were genocided or became extinct.

Game over:
                       ----------
                      /          \
                     /    REST    \
                    /      IN      \
                   /     PEACE      \
                  /                  \
                  |  LDaviesPeters   |
                  |      122 Au      |
                  |   killed by a    |
                  |    giant bat     |
                  |                  |
                  |                  |
                  |       2026       |
                 *|     *  *  *      | *
        _________)/\\_//(\/(/\)/\//\/|_)_______

Goodbye LDaviesPeters the Archeologist...

You died in The Dungeons of Doom on dungeon level 7 with 810 points,
and 122 pieces of gold, after 2627 moves.
You were level 4 with a maximum of 39 hit points when you died.

